 Dungeon Crawl Stone Soup version 0.27.1-34-g3ba077fa99 (webtiles) character file.

Game seed: 13506091039979100214

13 cbfl8 the Skirmisher (level 2, -1/27 HPs)
             Began as a Minotaur Fighter on Jan 13, 2022.
             Slain by a gnoll (5 damage)
             ... on level 1 of the Dungeon.
             The game lasted 00:01:00 (425 turns).

cbfl8 the Skirmisher (Minotaur Fighter)              Turns: 425, Time: 00:01:01

Health: -1/27      AC:  7    Str: 20    XL:     2   Next: 24%
Magic:  1/1        EV:  4    Int:  5    God:
Gold:   24         SH:  9    Dex:  9    Spells: 1/1 levels left

rFire    . . .     SeeInvis .   a - +0 war axe
rCold    . . .     Faith    .   c - +0 kite shield
rNeg     . . .     Spirit   .   b - +0 scale mail
rPois    .         Reflect  .   (helmet restricted)
rElec    .         Harm     .   (no cloak)
rCorr    .         Rampage  .   (no gloves)
Will     .....                  (no boots)
Stlth    ..........             (no amulet)
HPRegen  0.09/turn              (no ring)
MPRegen  0.07/turn              (no ring)

@: constricted
A: horns 2, retaliatory headbutt
a: no special abilities


You were on level 1 of the Dungeon.
You visited 1 branch of the dungeon, and saw 1 of its levels.

You collected 24 gold pieces.

Inventory:

Hand Weapons
 a - a +0 war axe (weapon)
Missiles
 e - 20 bolts
 g - 14 stones (quivered)
Armour
 b - a +0 scale mail (worn)
 c - a +0 kite shield (worn)
Potions
 d - a potion of might
 f - a potion of degeneration {unknown}


   Skills:
 + Level 4.0 Fighting
 + Level 2.4 Axes
 + Level 3.8 Armour
 + Level 4.0 Shields


You had one spell level left.
You didn't know any spells.
Your spell library was empty.

Dungeon Overview and Level Annotations

Branches:
Dungeon (1/15)

Altars:


Innate Abilities, Weirdness & Mutations

You have a pair of horns on your head.
You reflexively headbutt those who attack you in melee.


Message History

Done waiting.
You open the door.
Found a viscous green potion.
A dart slug comes into view.
The dart slug launches a dart at you. The slug dart hits you.
There is an open door here.
A gnoll comes into view. It is wielding a +0 club.
The gnoll shouts!
A kobold comes into view. It is wielding a +0 whip.
You slash the dart slug!
You kill the dart slug!
Your Fighting skill increases to level 4!
Your Shields skill increases to level 4!
A ball python comes into view.
The gnoll hits you with a +0 club.
Your scale mail prevents you from hitting the gnoll.
Your shield prevents you from hitting the kobold.
The ball python hisses angrily.
You block the kobold's attack. The gnoll hits you with a +0 club.
The kobold hits you with a +0 whip.
You slash the gnoll!
You headbutt the gnoll, but do no damage.
The gnoll is severely wounded.
You hit the kobold. The gnoll barely misses you. You block the kobold's attack.
The gnoll hits you with a +0 club.
You closely miss the gnoll. You headbutt the gnoll.
The gnoll is severely wounded.
You slash the kobold!
You kill the kobold!
The gnoll hits you with a +0 club.
* * * LOW HITPOINT WARNING * * *
You block the gnoll's attack.
You hit the gnoll.
The gnoll is almost dead.
Your shield and scale mail prevent you from hitting the ball python.
The ball python bites you but does no damage.
The ball python grabs you. The ball python constricts you.
The gnoll hits you with a +0 club.
You die...

....... #### .......##+##...#
...............#
...............#
...............#
......!......# ......S......#
......g@.....# .....
...###.......# ......
###+##.........# ...... ####..
#.........#+#'## ......
......##.........#.#.####.....
......##.......##.............
.....##.###.###.........####
....>##.# ♣.♣ #....#....######
#....#♣♣.♣♣#....#..........


You could see a gnoll and a ball python.

Vanquished Creatures
  A dart slug (D:1)
  4 giant cockroaches (D:1)
  A goblin (D:1)
  2 kobolds (D:1)
  A frilled lizard (D:1)
  A rat (D:1)
10 creatures vanquished.

Notes
Turn   | Place    | Note
-------+----------+-------------------------------------------
     0 | D:1      | cbfl8 the Minotaur Fighter began the quest for the Orb.
     0 | D:1      | Reached XP level 1. HP: 19/19 MP: 0/0
   244 | D:1      | Reached XP level 2. HP: 21/27 MP: 1/1
   425 | D:1      | Slain by a gnoll

Illustrated notes

Levels and vault maps discovered:
D:1:      minmay_arrival_solitary_statue, layout_basic, minmay_tree_intersection

Skill      XL: |  1  2 |
---------------+-------+-----
Fighting       | 4 |  4.0
Shields        | 4 |  4.0
Axes           | |  2.4
Armour         | |  3.8

Action                   || total
-------------------------++-------
Melee: War axe           ||    15
       Headbutt          ||     6
Armor: Scale mail        ||     7
Dodge: Dodged            ||     2
Block: Kite shield       ||     6
